 Dungeon Crawl Stone Soup version 0.20.1-1-g8b1a95d (webtiles) character file.

8211 grizmgrazm2 the Jinx (level 11, -4/68 HPs)
             Began as a Vampire Enchanter on Sept 20, 2017.
             Was a Priest of Dithmenos.
             Slain by Gastronok (33 damage)
             ... on level 8 of the Dungeon.
             The game lasted 00:28:13 (9453 turns).

grizmgrazm2 the Jinx (Vampire Enchanter)            Turns: 9453, Time: 00:28:14

Health: -4/68      AC:  8    Str:  7    XL:     11   Next: 6%
Magic:  7/23       EV: 14    Int: 27    God:    Dithmenos [***...]
Gold:   353        SH:  5    Dex: 14    Spells: 18/26 levels left

rFire    . . .     SeeInvis +   q - +3 dagger (drain)
rCold    + . .     Gourm    .   y - +0 buckler
rNeg     + + .     Faith    +   b - +1 robe
rPois    +         Spirit   .   z - +0 helmet
rElec    .         Reflect  .   C - +0 cloak
rCorr    .         Harm     .   n - +2 pair of gloves
MR       +....                  (no boots)
Stlth    +++++++++.             e - amulet of faith
Regen    0.1/turn               o - ring of stealth
MPRegen  0.2/turn               s - ring of wizardry

@: brilliant, regenerating slowly, slowed, wreathed by umbra, very slow
A: fangs 3, see invisible, unbreathing
a: Bat Form, Shadow Step, Renounce Religion


You were on level 8 of the Dungeon.
You worshipped Dithmenos.
Dithmenos was most pleased with you.
You were very thirsty.

You visited 1 branch of the dungeon, and saw 8 of its levels.
You also visited: Ossuary.

You collected 353 gold pieces.

Inventory:

Hand Weapons
 a - a +1 dagger of protection
 q - a +3 dagger of draining (weapon)
 u - a +1 dagger of venom
Armour
 b - a +1 robe (worn)
 n - a +2 pair of gloves (worn)
 y - a +0 buckler (worn)
 z - a +0 helmet (worn)
 C - a +0 cloak (worn)
Jewellery
 e - an amulet of faith (around neck)
 o - a ring of stealth (left hand)
 s - a ring of wizardry (right hand)
 A - a cursed amulet of magic regeneration {unknown}
 D - an uncursed ring of flight
 E - an uncursed ring of flight
Wands
 i - a wand of lightning (4/15)
 x - a wand of acid (9/15)
 B - a wand of iceblast (6/15)
 F - a wand of lightning (7/15)
Scrolls
 f - a scroll of amnesia
 m - 4 scrolls of teleportation
 r - 2 scrolls of remove curse
Potions
 d - 11 potions of blood
 g - 2 potions of invisibility
 h - a potion of brilliance
 j - 2 potions of flight
 k - 3 potions of agility
 l - 3 potions of mutation {unknown}
 p - a potion of cancellation {unknown}
 t - a potion of degeneration {unknown}
 v - a potion of berserk rage {unknown}
 w - 2 potions of magic {unknown}
Books
 c - a book of Maledictions

   Spells                             Type                      Level
   a - Corona                         Hexes                        1
   b - Ensorcelled Hibernation        Hexes/Ice                    2
   c - Confuse                        Hexes                        3
   d - Tukima's Dance                 Hexes                        3
   e - Dazzling Spray                 Conjuration/Hexes            3


   Skills:
 + Level 4.0 Short Blades
 + Level 4.4 Dodging
 + Level 10.3 Stealth
 - Level 3.7 Shields
 * Level 8.2 Spellcasting
 * Level 12.3 Hexes
 * Level 8.3 Ice Magic


You had 18 spell levels left.
You knew the following spells:

 Your Spells              Type           Power        Failure   Level  Hunger
a - Ensorcelled Hibernat  Hex/Ice        ######       1%          2    None
b - Confuse               Hex            #######.     1%          3    None
c - Tukima's Dance        Hex            #######.     1%          3    None


Dungeon Overview and Level Annotations

Branches:
Dungeon (8/15)             Temple (0/1) D:6
   Lair: D:8-11

Altars:
Dithmenos
Fedhas
Nemelex Xobeh
Okawaru
Qazlal
Ru
Sif Muna
Trog
The Shining One

Shops:
D:4 }

Annotations:
D:8 Gastronok


Innate Abilities, Weirdness & Mutations

You heal slowly.
You have razor-sharp teeth.
You have supernaturally acute eyesight. (SInv)
You can survive without breathing.


Message History

Gastronok resists with almost no effort.
Gastronok looks at you and mumbles some strange words.
You feel yourself slow down.
Casting: Confuse
Confirm with . or Enter, or press ? or * to list all spells.
Aiming: Ensorcelled Hibernation
Press: ? - help, Shift-Dir - straight line, f/p - Gastronok
Aim: Gastronok, wearing a glowing hat (lightly wounded, covering ground quickly, umbra, chance to defeat MR: 22%) Gastronok resists with almost no effort.
Gastronok sloshes about.
Gastronok bites you.
Casting: Ensorcelled Hibernation
Confirm with . or Enter, or press ? or * to list all spells.
Aiming: Confuse
Press: ? - help, Shift-Dir - straight line, f/p - Gastronok
Aim: Gastronok, wearing a glowing hat (lightly wounded, covering ground quickly, umbra, chance to defeat MR: 26%) Gastronok resists with almost no effort.
You feel clever all of a sudden. Gastronok bites you!!
You die...

...# #'###'''## ...# #.≈≈.%...#
##################≈≈≈.D...#######
.................#≈≈≈...%.#......
.................#P≈...%..#...###
.....#####.....###PP≈w≈.≈.###..#
.....# #..)..# ##(# ##.##
.....#####.....######..#######..#
.....+...+......@w)|...........(.
.....#####.....#############..((.
.....# ####### #(###. .....# #(#
#. .....# #.# #. .....# #.# ##
###### #######'## # #........# #
#........#


You could see Gastronok.

Vanquished Creatures
  A hydra (D:8)
  3 two-headed ogres (D:8)
  The ghost of YrmMerkstave the Impaler, a novice MfGl of Qazlal (D:8)
  Pikel (D:4)
  The ghost of Chisa the Arsonist, a novice DEFE of Vehumet (D:6)
  A dream sheep (D:8)
  2 yaks (D:8)
  A hungry ghost (D:7)
  Edmund (D:6)
  2 orc warriors (D:6)
  4 ice beasts
  A black bear (D:7)
  A phantom (D:6)
  A necrophage (D:8)
  5 ogres
  3 centaurs
  4 big kobolds
  4 bullfrogs
  A scorpion (D:7)
  6 killer bees (D:7)
  5 wights (D:7)
  A howler monkey (D:4)
  3 crimson imps
  4 centaur zombies
  A bullfrog zombie (D:5)
  A hound (D:3)
  2 orc priests
  10 orc wizards
  Crazy Yiuf (D:7)
  A centaur skeleton (D:6)
  4 iguanas
  7 worker ants
  3 big kobold zombies (Ossuary)
  A worker ant zombie (D:8)
  4 mummies
  4 gnolls
  3 adders
  A shadow imp (D:8)
  3 oozes
  2 adder skeletons
  A worm (D:2)
  4 dart slugs
  6 leopard geckos
  18 orcs
  9 giant cockroaches
  6 hobgoblins
  19 jackals
  4 quokkas
  3 ball pythons
  8 bats
  2 frilled lizards
  4 goblins
  A goblin zombie (D:8)
  3 hobgoblin zombies (Ossuary)
  A jackal zombie (D:5)
  12 kobolds
  A kobold zombie (D:8)
  7 rats
214 creatures vanquished.

Vanquished Creatures (others)
  6 plants (D:8)
6 creatures vanquished.

Grand Total: 220 creatures vanquished

Notes
Turn   | Place    | Note
-------+----------+-------------------------------------------
     0 | D:1      | grizmgrazm2 the Vampire Enchanter began the quest for the Orb.
     0 | D:1      | Reached XP level 1. HP: 13/13 MP: 3/3
   404 | D:1      | Reached XP level 2. HP: 17/19 MP: 3/5
   418 | D:1      | Learned a level 2 spell: Ensorcelled Hibernation
   941 | D:2      | Reached skill level 5 in Stealth
   941 | D:2      | Reached skill level 5 in Hexes
   941 | D:2      | Reached XP level 3. HP: 24/24 MP: 4/6
   947 | D:2      | Learned a level 3 spell: Confuse
  1214 | D:3      | Found a bloodstained altar of Trog.
  1403 | D:4      | Reached skill level 1 in Ice Magic
  1403 | D:4      | Reached XP level 4. HP: 30/30 MP: 8/8
  1462 | D:4      | Found a sacrificial altar of Ru.
  1509 | D:4      | Found Alisaeg's Gadget Emporium.
  1823 | D:4      | Reached XP level 5. HP: 35/35 MP: 7/10
  1946 | D:5      | Entered Level 5 of the Dungeon
  2119 | D:5      | Found a sparkling altar of Nemelex Xobeh.
  2564 | D:5      | Found a stormy altar of Qazlal.
  2590 | D:5      | HP: 1/35 [orc wizard/magic dart (10)]
  2591 | D:5      | Reached XP level 6. HP: 1/41 MP: 3/12
  3024 | D:5      | Reached skill level 6 in Hexes
  3125 | D:5      | Found a stormy altar of Qazlal.
  3370 | D:6      | Noticed an ice beast
  3375 | D:6      | Killed an ice beast
  3380 | D:6      | Reached XP level 7. HP: 46/46 MP: 9/13
  3394 | D:6      | Reached skill level 7 in Hexes
  4339 | D:2      | Found a blossoming altar of Fedhas.
  4756 | D:4      | Noticed Pikel
  4786 | D:4      | Killed Pikel
  4786 | D:4      | Reached skill level 5 in Spellcasting
  4786 | D:4      | Reached skill level 8 in Hexes
  4786 | D:4      | Reached XP level 8. HP: 29/52 MP: 6/15
  5268 | D:6      | Noticed Edmund
  5400 | D:6      | Found a shadowy altar of Dithmenos.
  5408 | D:6      | Reached skill level 9 in Hexes
  5411 | D:6      | Became a worshipper of Dithmenos the Shadowed
  5459 | D:6      | Found a deep blue altar of Sif Muna.
  5532 | D:6      | Noticed Chisa's ghost (novice DEFE)
  5537 | D:6      | Found a deep blue altar of Sif Muna.
  5565 | D:6      | Reached skill level 1 in Shields
  5565 | D:6      | Reached skill level 5 in Ice Magic
  5649 | D:6      | Reached XP level 9. HP: 42/57 MP: 9/17
  5656 | D:6      | Killed Chisa's ghost
  6059 | D:6      | Killed Edmund
  6081 | D:6      | Found a staircase to the Ecumenical Temple.
  6180 | D:7      | Reached skill level 10 in Hexes
  6220 | D:7      | Reached * piety under Dithmenos
  6448 | D:7      | Found a runed door.
  6787 | D:7      | Found a glowing golden altar of the Shining One.
  6962 | D:7      | Noticed Crazy Yiuf
  6966 | D:7      | Killed Crazy Yiuf
  7071 | D:8      | Found an iron altar of Okawaru.
  7080 | D:7      | Reached XP level 10. HP: 63/63 MP: 12/20
  7179 | D:8      | Reached ** piety under Dithmenos
  7193 | D:8      | Found a sand-covered staircase.
  7210 | Ossuary  | Entered an ossuary
  7421 | Ossuary  | Learned a level 3 spell: Tukima's Dance
  7952 | D:8      | Reached skill level 11 in Hexes
  8089 | D:8      | Noticed YrmMerkstave's ghost (novice MfGl)
  8089 | D:8      | Noticed a two-headed ogre
  8578 | D:8      | Killed a two-headed ogre
  8620 | D:8      | Noticed a two-headed ogre
  8633 | D:8      | Killed YrmMerkstave's ghost
  8648 | D:8      | Killed a two-headed ogre
  8648 | D:8      | Reached skill level 10 in Stealth
  8746 | D:8      | Noticed a three-headed hydra
  8747 | D:8      | Noticed Gastronok
  8752 | D:8      | Noticed a two-headed ogre
  8763 | D:8      | Killed a two-headed ogre
  8763 | D:8      | Reached skill level 12 in Hexes
  8927 | D:8      | Reached *** piety under Dithmenos
  9446 | D:8      | Killed a three-headed hydra
  9446 | D:8      | Reached XP level 11. HP: 31/68 MP: 23/23
  9453 | D:8      | Slain by Gastronok

Skill      XL: |  1  2  3  4  5  6  7  8  9 10 |
---------------+-------------------------------+-----
Stealth        | 5 6 7 9 10 | 10.3
Hexes          | 5 6 8 9 10 12 | 12.3
Spellcasting   | 3 4 5 6 8 |  8.2
Ice Magic      | 1 2 4 5 6 8 |  8.3
Short Blades   | 2 3 4 |  4.0
Dodging        | 3 4 |  4.4
Shields        | 1 3 |  3.7

Action                   |  1- 3 |  4- 6 |  7- 9 | 10-12 || total
-------------------------+-------+-------+-------+-------++-------
Melee: Dagger            |    81 |   107 |   203 |   159 ||   550
       Bite              |     5 |     7 |    12 |    12 ||    36
 Cast: Corona            |     7 |       |       |       ||     7
       Ensorcelled Hiber |    15 |    46 |    36 |    24 ||   121
       Confuse           |       |     5 |    21 |    34 ||    60
 Abil: End Transformatio |       |       |     1 |     1 ||     2
       Bat Form          |       |       |     1 |     1 ||     2
  Use: Scroll            |     4 |     4 |     8 |     5 ||    21
       Potion            |       |     6 |     2 |     7 ||    15
 Stab: Sleeping          |    16 |    35 |    65 |    31 ||   147
       Confused          |       |     5 |    14 |    21 ||    40
       Distracted        |       |       |       |     1 ||     1
       Held in net/web   |       |       |       |     1 ||     1
Armor: Robe              |    31 |    37 |    32 |    19 ||   119
Dodge: Dodged            |    65 |    68 |   110 |    60 ||   303
Block: Buckler           |       |       |     9 |    18 ||    27
